[Event "Early-Titled-Tuesday-Blitz-May-14-2024"]
[Site "Chess.com"]
[Date "2024.05.14"]
[Round "7"]
[White "Lady_Nika"]
[Black "MalyDominator"]
[Result "0-1"]
[WhiteElo "2485"]
[BlackElo "2642"]
[TimeControl "180+1"]
[EndTime "9:20:30 PDT"]
[Termination "MalyDominator won by resignation"]

1. d4 d5 2. e3 Nf6 3. f4 Ne4 4. Nf3 c5 5. Bd3 Bf5 6. O-O h6 7. c3 e6 8. Qe2 Be7 9. Nbd2 O-O 10. Ne5 Nd7 11. Nxe4 dxe4 12. Bc2 f6 13. Ng4 Rc8 14. Nf2 cxd4 15. exd4 e5 16. dxe5 fxe5 17. Nxe4 Nc5 18. Ng3 Bxc2 19. Qxc2 Qd3 20. Qe2 Qxe2 21. Nxe2 Nd3 22.
Be3 exf4 23. Nxf4 Nxb2 24. Nd5 Rxf1+ 25. Rxf1 Bc5 26. Rb1 Ba3 27. Bxa7 Rd8 28. Nb4 Rd2 29. Kf1 Nd1 30. Rb3 Bxb4 31. cxb4 Rxa2 32. Bc5 Nb2 33.
Re3 Nc4 34. Re8+ Kh7 35. Re7 b5 36. Bd4 Kg6 37. Rxg7+ Kf5 38. Re7 Nd2+ 39. Kg1 Rc2 40. h3 Nc4 41. Bc5 Rc1+ 42. Kh2 Rc2 43. Rb7 Nd2 44.
Rxb5 Ke4 45. Rb8 h5 46. Re8+ Kd3 47. Re3+ Kc4 48. Rg3 Nf1+ 0-1

[Event "Early-Titled-Tuesday-Blitz-May-14-2024"]
[Site "Chess.com"]
[Date "2024.05.14"]
[Round "7"]
[White "AlmasRakhmatullaev"]
[Black "Grossboss19"]
[Result "1/2-1/2"]
[WhiteElo "2861"]
[BlackElo "2637"]
[TimeControl "180+1"]
[EndTime "9:20:36 PDT"]
[Termination "Game drawn by stalemate"]

1. e4 c6 2. d4 d5 3. exd5 cxd5 4. c4 Nf6 5. Nc3 Nc6 6. Nf3 dxc4 7.
Bxc4 e6 8. O-O Be7 9. Be3 O-O 10. Rc1 Bd7 11. a3 Rc8 12. Bd3 h6 13. h4 a6 14.
g3 Re8 15. Re1 Bf8 16. Bf1 Ne7 17. Ne5 Ned5 18. Bg2 Bc6 19. Nxc6 Rxc6 20. Nxd5 Nxd5 21. Rxc6 bxc6 22. Qb3 Qc7 23. Rc1 Rb8 24. Qd3 Qb7 25. b4 Ra8 26. Bd2 Be7 27. Qc4 Rc8 28. Bf1 a5 29. bxa5 Bxa3 30. Ra1 Bd6 31. a6 Qb6 32. a7 Ra8 33. Qa4 Nc7 34. Bd3 Nb5 35. Bxb5 cxb5 36. Qa2 b4 37. Qa6 Bc7 38. Bxb4 Qxd4 39. Kg2 Bb6 40.
Be1 Rxa7 41. Qc8+ Kh7 42. Rxa7 Bxa7 43. Qb7 Qd5+ 44. Qxd5 exd5 45. h5 g6 46. g4 f5 47.
hxg6+ Kxg6 48. gxf5+ Kxf5 49. Bc3 Ke4 50. Kg3 d4 51.
Bxd4 Bxd4 52. f4 Kf5 53. Kg2 h5 54. Kh1 Bf6 55. Kh2 Kg4 56. Kh1 h4 57. Kh2 h3 58.
Kh1 Kg3 59. f5 Be5 60. f6 Bxf6 61. Kg1 h2+ 62. Kh1 Kh3 1/2-1/2

[Event "Early-Titled-Tuesday-Blitz-May-14-2024"]
[Site "Chess.com"]
[Date "2024.05.14"]
[Round "7"]
[White "Agibileg"]
[Black "savitha1030"]
[Result "0-1"]
[WhiteElo "2891"]
[BlackElo "2561"]
[TimeControl "180+1"]
[EndTime "9:20:37 PDT"]
[Termination "savitha1030 won by resignation"]

1. d4 Nf6 2. c4 g6 3. Nc3 Bg7 4.
e4 d6 5. Be2 O-O 6. Nf3 Nc6 7.
O-O e5 8. d5 Ne7 9. Nd2 Ne8 10.
b4 f5 11. c5 fxe4 12. Ndxe4 Bf5 13. Bc4 a5 14. Ba3 Kh8 15. Qe2 Nf6 16. Rad1 Nxe4 17. Nxe4 Bxe4 18. Qxe4 Rf4 19. Qe2 Nf5 20. Bc1 Nd4 21. Qd3 Rf7 22. a3 axb4 23. axb4 Qh4 24. Be3 e4 25. Qxd4 Bxd4 26. Bxd4+ Kg8 27. b5 Qe7 28. Be3 Ra3 29. b6 cxb6 30. c6 Rc3 31. Ba2 Kf8 32. Rc1 Qf6 33. Bh6+ Ke8 34. Rb1 Qd4 35.
Be3 Rxe3 36. fxe3 Qxe3+ 37. Kh1 Rxf1+ 38. Rxf1 Qe2 39. Rc1 Qd2 40. Ra1 Qc3 41. Rb1 bxc6 42. dxc6 Qxc6 43. h3 Qc2 44. Re1 Qxa2 45. Rxe4+ Kd7 46.
Rh4 Qb1+ 47. Kh2 g5 48. Rh6 Qg6 49. Rxg6 hxg6 50. Kg3 Ke6 51. Kg4 Kf6 0-1

[Event "Early-Titled-Tuesday-Blitz-May-14-2024"]
[Site "Chess.com"]
[Date "2024.05.14"]
[Round "7"]
[White "hongnhung1234"]
[Black "BardArtem"]
[Result "0-1"]
[WhiteElo "2566"]
[BlackElo "2765"]
[TimeControl "180+1"]
[EndTime "9:20:37 PDT"]
[Termination "BardArtem won on time"]

1. e4 e5 2. Nf3 Nc6 3. d4 exd4 4. Nxd4 Bb4+ 5. c3 Bc5 6. Be3 Bb6 7. Bc4 Nf6 8. Nd2 O-O 9. O-O d5 10. exd5 Nxd5 11. Nxc6 bxc6 12. Bxd5 cxd5 13. Bxb6 axb6 14. h3 d4 15. cxd4 Qxd4 16. Qc2 c5 17. Nf3 Qf4 18. Rfe1 Bxh3 19. Re4 Bf5 20. Rxf4 Bxc2 21. Ne5 Rfe8 22. Nc4 Ra4 23. Nd6 Rxf4 24. Nxe8 g5 25. Re1 Rd4 26.
Re2 Bd3 27. Re5 h6 28. Re3 Bg6 29. Re2 b5 30. a3 b4 31. axb4 cxb4 32. Nc7 b3 33.
Nb5 Rd5 34. Nc3 Rc5 35. Re8+ Kg7 36. Rb8 Bc2 37. f3 Rc7 38. Kf2 Rd7 39. Ke3 f5 40. g3 h5 41. Rb6 h4 42. gxh4 gxh4 43. Rb4 h3 44. Rh4 Rd3+ 45. Ke2 Rxc3 0-1

[Event "Early-Titled-Tuesday-Blitz-May-14-2024"]
[Site "Chess.com"]
[Date "2024.05.14"]
[Round "7"]
[White "crazy_but_lazy"]
[Black "maximnovik"]
[Result "0-1"]
[WhiteElo "2657"]
[BlackElo "2539"]
[TimeControl "180+1"]
[EndTime "9:20:37 PDT"]
[Termination "maximnovik won by resignation"]

1. d4 Nf6 2. Nf3 g6 3. Nc3 Bg7 4. e4 d5 5. e5 Ne4 6. Bd3 Nxc3 7.
bxc3 c5 8. O-O Qa5 9. a4 c4 10. Be2 Bf5 11. Qd2 Nd7 12. Ba3 Nb6 13. Bb4 Qa6 14.
a5 Nc8 15. Nh4 Bd7 16. f4 f5 17.
exf6 Qxf6 18. Nf3 Nd6 19. Ne5 Bf5 20. Bf3 Ne4 21. Qe3 h5 22. g3 Bh6 23. Bc5 O-O 24.
Rab1 Rfb8 25. Bxe4 dxe4 26. Nxc4 Qa6 27. Nd2 Qe6 28.
Rfe1 b6 29. axb6 axb6 30. Bb4 Ra2 31. Nxe4 Rxc2 32. Nf2 Qxe3 33. Rxe3 Rxf2 34. Kxf2 Bxb1 35. Rxe7 Bf8 36. Re6 Bxb4 37. cxb4 Kf7 38. Rc6 Be4 39. Rc7+ Ke6 40. Ke3 Bd5 41. h3 Ra8 42. Rc3 Ra4 43. g4 h4 44. Rc8 Ra3+ 45. Kf2 Rxh3 46. Re8+ Kd7 47. Rb8 Kc7 48. Re8 Rf3+ 49. Ke2 Rxf4 50. Kd2 Rxg4 51. Rh8 g5 52. Kc3 Rg3+ 53. Kd2 h3 54. b5 g4 55. Ke2 Rg2+ 56. Kf1 h2 57.
Rh7+ Kd6 58. Rh6+ Ke7 59. Rh5 Rg1+ 60. Kf2 h1=Q 61. Re5+ Kd6 62. Re6+ Kxe6 0-1

[Event "Early-Titled-Tuesday-Blitz-May-14-2024"]
[Site "Chess.com"]
[Date "2024.05.14"]
[Round "7"]
[White "LeoWin2012"]
[Black "secrethawk1"]
[Result "1/2-1/2"]
[WhiteElo "2323"]
[BlackElo "2435"]
[TimeControl "180+1"]
[EndTime "9:20:38 PDT"]
[Termination "Game drawn by repetition"]

1. e4 c6 2. d4 d5 3. exd5 cxd5 4. Bd3 Nc6 5. c3 Nf6 6. h3 g6 7. Bf4 Bg7 8. Nf3 O-O 9. O-O Bf5 10. Re1 Bxd3 11.
Qxd3 e6 12. Nbd2 a6 13. Ne5 Rc8 14. Re2 b5 15. Ndf3 Nd7 16. Nxc6 Rxc6 17. Ne5 Rb6 18. Rae1 a5 19. Qg3 b4 20. Nd3 Qe7 21. Bc7 Ra6 22. Ne5 bxc3 23. bxc3 Rc8 24. Nxd7 Qxd7 25. Be5 Bxe5 26.
Rxe5 Qa4 27. R1e2 Rac6 28. R5e3 Qa3 29. Rc2 Rc4 30. Kh2 Qa4 31. Rce2 Qc6 32. Qg4 h5 33. Qg5 Rxc3 34. Rxe6 Qc7+ 35. R6e5 Rd3 36. g3 Rxd4 37. Rxd5 Rxd5 38. Qxd5 Qc4 39. Qe5 a4 40. h4 a3 41.
Qe3 Qb4 42. Qd3 Rb8 43. Re4 Qc5 44. Re2 Rb2 45. Qd8+ Kg7 46. Qd3 Rxe2 47. Qxe2 Qc3 48. Kg2 Qb2 49. Qc4 Qb7+ 50. Kh2 Qb2 51. Kg2 Qb7+ 52.
Kh2 Qb2 53. Kg1 Qb1+ 54. Kh2 Qb2 1/2-1/2

[Event "Early-Titled-Tuesday-Blitz-May-14-2024"]
[Site "Chess.com"]
[Date "2024.05.14"]
[Round "7"]
[White "azikom"]
[Black "ivana_999"]
[Result "1-0"]
[WhiteElo "2702"]
[BlackElo "1870"]
[TimeControl "180+1"]
[EndTime "9:20:38 PDT"]
[Termination "azikom won by resignation"]

1. c4 e5 2. e3 Nf6 3. a3 c6 4. Nf3 e4 5. Nd4 d5 6. cxd5 cxd5 7. b4 Bd6 8. Bb2 O-O 9. Be2 Nc6 10. d3 Nxd4 11.
Bxd4 Qe7 12. Nc3 Be5 13. Bxe5 Qxe5 14. d4 Qg5 15. g3 Bh3 16. Qb3 Rac8 17. Rc1 Rc6 18.
Na2 Rxc1+ 19. Nxc1 Rc8 20. Qb2 Qf5 21. Nb3 Bg2 22.
Rg1 Bf3 23. Bf1 Bg4 24. Nd2 Qd7 25. Nb3 Qc7 26. h3 Bf3 27. Kd2 Nd7 28. Bb5 Nb6 29.
Rc1 Nc4+ 30. Bxc4 dxc4 31. Nc5 b6 32. Na6 Qb7 33. b5 Qd5 34. a4 Bg2 35. h4 Qf5 36.
Kc3 Bf3 37. Nb4 Qd7 38. Nc6 Bg4 39. Qb4 Be6 40. Ne7+ Kh8 41. Nxc8 Qxc8 42. Qe7 h5 43. Qxa7 Qf8 44. Ra1 Qd6 45. Qa8+ Kh7 46. Qxe4+ g6 47. Qe5 Qd7 48. e4 Qd8 49. d5 Qc8 50. d6 Qc5 51. Qxc5 bxc5 52. a5 Bd7 53. b6 Bc6 54. a6 1-0

[Event "Early-Titled-Tuesday-Blitz-May-14-2024"]
[Site "Chess.com"]
[Date "2024.05.14"]
[Round "7"]
[White "twitchTriniCupid"]
[Black "NMChessToImpress"]
[Result "1-0"]
[WhiteElo "2415"]
[BlackElo "2263"]
[TimeControl "180+1"]
[EndTime "9:20:39 PDT"]
[Termination "twitchTriniCupid won by resignation"]

1. d4 e6 2. Nf3 Nf6 3. e3 c5 4. b3 Be7 5. Bb2 b6 6. Nbd2 Bb7 7. Bd3 O-O 8. O-O cxd4 9. exd4 a6 10. Qe2 b5 11. a4 bxa4 12. Rxa4 d6 13. Rfa1 Nfd7 14. Be4 Bxe4 15. Qxe4 d5 16. Qd3 Nb6 17. Ra5 Nc6 18. Rxa6 Rxa6 19. Qxa6 Nb4 20. Qb5 Nxc2 21. Ra6 Na8 22. Ra7 Bd6 23. Qc6 Nb4 24. Qb7 Qb8 25.
Ba3 Nb6 26. Ne5 Nc8 27. Qxb8 Bxb8 28. Rb7 Bxe5 29. dxe5 Nc6 30. Bxf8 Kxf8 31. f4 Ke8 32. Nf3 N8e7 33. Kf2 Kd8 34. Rb5 Kc7 35. Rc5 Kb6 36. Rc1 Nf5 37. g4 Nfd4 38. Nxd4 Nxd4 39. Rc3 Kb5 40. Ke3 Nc6 41. Kd3 Nb4+ 42. Kd4 Nc6+ 43. Kd3 Nb4+ 44. Kd2 Nc6 45. Rh3 h6 46. Kc3 d4+ 47.
Kd3 Kc5 48. Ke4 Nb4 49. f5 d3 50. Rxd3 Nxd3 51. Kxd3 Kd5 52. fxe6 fxe6 53. b4 Kxe5 54.
Kc4 Kd6 55. Kd4 Kc6 56. Ke5 Kb5 57. Kxe6 Kxb4 58. Kf7 g5 59. Kg6 Kc4 60. Kxh6 Kd4 61. Kxg5 Ke4 62. h4 1-0

[Event "Early-Titled-Tuesday-Blitz-May-14-2024"]
[Site "Chess.com"]
[Date "2024.05.14"]
[Round "7"]
[White "wild3000"]
[Black "NikitaShnadrygin"]
[Result "0-1"]
[WhiteElo "2518"]
[BlackElo "2741"]
[TimeControl "180+1"]
[EndTime "9:20:40 PDT"]
[Termination "NikitaShnadrygin won on time"]

1. d4 d5 2. Nf3 Nc6 3. e3 Bg4 4. Be2 e6 5. O-O Nf6 6. b3 Be7 7. Bb2 O-O 8. Nbd2 a5 9. a3 Nb8 10. c4 c6 11. Ne5 Bxe2 12. Qxe2 Nbd7 13. f4 c5 14. Ndf3 a4 15. cxd5 exd5 16. Qb5 axb3 17.
dxc5 Nxc5 18. Bd4 Qa5 19. Qb4 Nfe4 20. Rfb1 f6 21. Ng4 Rfe8 22. Nf2 Nxf2 23. Qxa5 Rxa5 24. Kxf2 Rea8 25. Nd2 Rxa3 26. Rxa3 Rxa3 27. Kf3 Kf7 28. Bxc5 Bxc5 29. Rxb3 Rxb3 30. Nxb3 Bb6 31. e4 Ke6 32. exd5+ Kxd5 33. h4 f5 34. h5 g6 35. hxg6 hxg6 36. g4 Bd4 37. gxf5 gxf5 38. Ke2 Ke4 39. Nd2+ Kxf4 40.
Kd3 Bg1 41. Ke2 Kg3 42. Nf3 Bc5 43. Ne5 f4 44. Nf3 b5 45. Ng5 Kg2 46. Nf3 b4 47. Ne1+ Kg3 48. Nd3 f3+ 49. Kf1 Bd6 50.
Nc1 Bf4 51. Nb3 Be5 52. Nc5 Bc3 0-1

[Event "Early-Titled-Tuesday-Blitz-May-14-2024"]
[Site "Chess.com"]
[Date "2024.05.14"]
[Round "7"]
[White "ploxoi"]
[Black "guillembaches"]
[Result "1/2-1/2"]
[WhiteElo "2353"]
[BlackElo "2561"]
[TimeControl "180+1"]
[EndTime "9:20:40 PDT"]
[Termination "Game drawn by repetition"]

1. d4 d5 2. c4 e6 3. Nf3 Nf6 4. g3 Bd6 5. Bg2 O-O 6. O-O h6 7. Nc3 Nc6 8. cxd5 exd5 9. Nb5 Re8 10. Nxd6 cxd6 11. Re1 Bf5 12. Bf4 Qd7 13. Rc1 Rac8 14. Qa4 Be4 15. e3 g5 16. Nxg5 hxg5 17. Bxg5 Nh7 18.
Bf4 Bxg2 19. Kxg2 Kg7 20. h4 Qe6 21. f3 Re7 22. g4 Rce8 23. Qa3 Rd8 24. Rc3 Nxd4 25.
Rd3 Nc6 26. Bg3 Ne5 27. Rd4 Nc4 28. Qc3 Kg8 29. e4 Ne5 30. exd5 Qf6 31. Rf4 Qg7 32. Rf5 Rde8 33. Re4 Nf6 34. Rg5 Ng6 35. Rxe7 Rxe7 36.
Bxd6 Re8 37. Be5 Rxe5 38. Rxe5 Nxe5 39. Qxe5 Nh7 40. Qb8+ Nf8 41. Qxb7 Qd4 42. Qb3 Ng6 43. Qb8+ Kg7 44. h5 Qd2+ 45. Kg3 Qe1+ 46. Kg2 Qe2+ 47. Kg3 Qe1+ 48. Kg2 Nh4+ 49. Kh3 Nxf3 50. Kg2 Nd2 51. Qf4 Qe2+ 52. Kg3 Ne4+ 53. Kh3 Qe1 54. Kg2 Qe2+ 55.
Kh3 Nf2+ 56. Kh4 Ne4 57. Kh3 1/2-1/2

[Event "Early-Titled-Tuesday-Blitz-May-14-2024"]
[Site "Chess.com"]
[Date "2024.05.14"]
[Round "7"]
[White "sergiochess83"]
[Black "Alonmindlin"]
[Result "1-0"]
[WhiteElo "2872"]
[BlackElo "2709"]
[TimeControl "180+1"]
[EndTime "9:20:41 PDT"]
[Termination "sergiochess83 won by resignation"]

1. d4 Nf6 2. c4 e6 3. Nc3 d5 4.
cxd5 exd5 5. Bg5 Be7 6. e3 Nbd7 7. Bd3 c6 8. Nge2 O-O 9. Qc2 Re8 10. h3 g6 11. O-O-O b5 12. Kb1 a5 13. g4 Nb6 14.
Nf4 Nc4 15. Bxc4 bxc4 16. f3 Rb8 17. Ka1 a4 18. Nxa4 Qa5 19. Nc3 Bd7 20. Rh2 Nxg4 21. Bxe7 Nxe3 22. Qd2 Rxe7 23. Ncxd5 Qxa2+ 24. Kxa2 Ra8+ 25. Kb1 Bf5+ 26. Qd3 Rea7 27. Nxe3 cxd3 28. Kc1 Ra1+ 29. Kd2 R1a2 30. Nxd3 Rb8 31. Nxf5 gxf5 32. Re2 Kf8 33. Rc1 Rb5 34. Rc5 Rb6 35. Rxf5 Rba6 36. Rc5 Ra1 37. Rc2 Rh1 38. Nf4 Raa1 39. Kc3 Rhf1 40. Re3 Ra4 41. b3 Ra6 42. Nd3 Ra5 43. Ne5 c5 44. Nd7+ Kg7 45. Nxc5 Ra7 46. Rg2+ Kh6 47. Nd3 Rc7+ 48. Nc5 Rc1+ 49.
Rc2 Rf1 50. Kc4 f5 51. Rd3 Kg5 52. d5 Kf4 53. d6 Rc8 54. d7 Rg8 55. d8=Q Rxd8 56.
Rxd8 Kxf3 57. Rd4 f4 1-0

[Event "Early-Titled-Tuesday-Blitz-May-14-2024"]
[Site "Chess.com"]
[Date "2024.05.14"]
[Round "7"]
[White "Eliwood44"]
[Black "edgarhay012"]
[Result "0-1"]
[WhiteElo "2456"]
[BlackElo "2628"]
[TimeControl "180+1"]
[EndTime "9:20:41 PDT"]
[Termination "edgarhay012 won by resignation"]

1. d4 Nc6 2. e4 d5 3. exd5 Qxd5 4. c3 Nf6 5. Be3 g6 6. Nd2 Bg7 7. Ngf3 O-O 8. h3 Bf5 9. Bc4 Qd6 10. O-O Rad8 11. Re1 Ne4 12. Nxe4 Bxe4 13. Nd2 Bd5 14. Qb3 Na5 15. Qa4 Nxc4 16. Nxc4 Qf6 17. Ne5 Qf5 18. Qxa7 Rd6 19. Qc5 Rfd8 20. Qxc7 Bxe5 21. dxe5 R6d7 22. Qc5 Bc6 23. Qc4 Qxe5 24. Bb6 Qg5 25. Qg4 Qxg4 26. hxg4 Ra8 27. Re2 f6 28. f3 Kf7 29. a3 h5 30.
gxh5 gxh5 31. Rae1 Rg8 32. Bc5 e5 33. Be3 Bxf3 34.
Rf2 Bg4 35. c4 Kg6 36. b4 Rc8 37. c5 Rd3 38. a4 f5 39. Bc1 e4 40. Rd2 Rcd8 41. Rxd3 Rxd3 42. Bf4 Rd4 43. Rb1 Rc4 44. Bd6 e3 45. b5 f4 46. c6 bxc6 47. b6 Bc8 48. a5 Ba6 49. Kh2 Rd4 50. Be5 Re4 51.
Bc3 Re7 52. Be1 Kf5 53. Rc1 Bb7 54. Rc5+ Ke4 55. a6 Bxa6 56. Rxc6 Bb7 57. Rc5 Kd3 58.
Rxh5 Ke2 59. Bb4 Rg7 60. Re5 Rxg2+ 61. Kh3 Rg7 62. Bc5 Kf3 63. Kh4 Rg2 64. Re7 Bd5 65. b7 Rb2 66. Bd6 Rxb7 67. Rxb7 Bxb7 68. Kg5 e2 69. Bb4 Ke3 70. Be1 f3 71. Kg4 f2 0-1

[Event "Early-Titled-Tuesday-Blitz-May-14-2024"]
[Site "Chess.com"]
[Date "2024.05.14"]
[Round "7"]
[White "laurenzchess"]
[Black "ansko1999"]
[Result "0-1"]
[WhiteElo "2490"]
[BlackElo "2643"]
[TimeControl "180+1"]
[EndTime "9:20:42 PDT"]
[Termination "ansko1999 won by resignation"]

1. d4 d5 2. c4 c5 3. cxd5 Nf6 4.
Nf3 cxd4 5. Nxd4 Nxd5 6. e4 Nf6 7. Nc3 e5 8. Bb5+ Bd7 9. Bxd7+ Qxd7 10. Nf5 Qxd1+ 11. Kxd1 Nc6 12. Bg5 Nd7 13. Nd5 Rc8 14. Ke2 f6 15. Be3 g6 16. Ng3 Kf7 17. Rac1 h5 18.
Rhd1 Bh6 19. Rc3 Bxe3 20. fxe3 h4 21. Nf1 Ne7 22. Rb3 Nc5 23. Rb4 a5 24. Rb6 Rc6 25. Rb5 Rb8 26. Nd2 Nc8 27. Rxa5 Nd6 28. Nb4 Rcc8 29. Rf1 Ndxe4 30. Nxe4 Nxe4 31. Rxe5 Nd6 32.
Nd5 Nf5 33. Rexf5 gxf5 34. Rxf5 Ke6 35. e4 Rc2+ 36. Kf3 Rxb2 37. Rxf6+ Ke5 38. Rf5+ Kd4 39. a4 Rg8 40. Nf4 Rb3+ 41. Kf2 Kxe4 42. Rf7 Rb2+ 43.
Ne2 Re8 44. Rd7 Kf5 45. Rd5+ Kg6 46. Rd6+ Kf7 47. Rd7+ Kf8 48. Kf3 Rexe2 49. g3 h3 50. Rh7 Rxh2 51. Kg4 Kg8 52. Rh4 Rh1 53. Kg5 h2 54. Kg6 Kf8 55. Rh8+ Ke7 56. Rh7+ Ke6 57. Rh8 Ke5 58. Re8+ Kd4 59. Re2 Rxe2 0-1

[Event "Early-Titled-Tuesday-Blitz-May-14-2024"]
[Site "Chess.com"]
[Date "2024.05.14"]
[Round "7"]
[White "monomita"]
[Black "lilleper1"]
[Result "0-1"]
[WhiteElo "2761"]
[BlackElo "2924"]
[TimeControl "180+1"]
[EndTime "9:20:46 PDT"]
[Termination "lilleper1 won by checkmate"]

1. Nf3 Nf6 2. b3 c5 3. e3 g6 4. Bb2 Bg7 5. Nc3 O-O 6. d4 cxd4 7. exd4 d5 8. h3 Nc6 9. Bd3 Bf5 10. Bxf5 gxf5 11. O-O Ne4 12. Ne2 Qd6 13. c3 Rac8 14. c4 Rfd8 15. c5 Qc7 16. Bc1 b6 17.
Bf4 Qb7 18. cxb6 Qxb6 19. Rc1 Qa6 20. Ng3 Nxg3 21. fxg3 Qb6 22. Be3 e6 23. g4 fxg4 24. hxg4 Rd7 25. Ng5 h6 26. Nf3 Rdc7 27. Kh1 Ne7 28.
Rxc7 Qxc7 29. Qd2 Qg3 30. Bxh6 Bxh6 31. Qxh6 Rc2 32. Qh3 Qxh3+ 33. gxh3 Ng6 34. Ng5 Rc7 35. Rf2 Kg7 36. Kh2 Re7 37. Kg3 f6 38. Nf3 e5 39.
Re2 e4 40. Nh4 Nxh4 41. Kxh4 Rc7 42. Re3 Rc2 43. a4 Rd2 44. Kg3 Rxd4 45. Kf4 Rd1 46. Rc3 Kf7 47. h4 Rf1+ 48. Ke3 Ke6 49. Ke2 Rh1 50. h5 Ke5 51. Rc8 Rh2+ 52. Kf1 d4 53. Rf8 d3 54. g5 e3 55. g6 e2+ 56. Ke1 Rh1+ 57. Kf2 e1=Q+ 58. Kg2 Qf1+ 59. Kg3 Rg1+ 60. Kh2 Qg2# 0-1

[Event "Early-Titled-Tuesday-Blitz-May-14-2024"]
[Site "Chess.com"]
[Date "2024.05.14"]
[Round "7"]
[White "jinbojinbo"]
[Black "Dedic8"]
[Result "0-1"]
[WhiteElo "2661"]
[BlackElo "2889"]
[TimeControl "180+1"]
[EndTime "9:20:47 PDT"]
[Termination "Dedic8 won on time"]

1. e4 e5 2. Nf3 Nc6 3. Bc4 Nf6 4. d3 Be7 5. O-O O-O 6. Re1 d6 7. c3 Be6 8. Bb3 h6 9. Nbd2 Qd7 10. Nf1 Rad8 11.
Bc2 d5 12. exd5 Bxd5 13. Nxe5 Nxe5 14. Rxe5 Bd6 15. Re1 c5 16. Be3 Rfe8 17. f3 Nh5 18. Qd2 Qc7 19. d4 Nf4 20. dxc5 Bxc5 21. Bxc5 Qxc5+ 22. Kh1 Nh3 23. Qd4 Qxd4 24. cxd4 Nf4 25. Ne3 Be6 26. Rad1 Bxa2 27. b3 Rc8 28. Nc4 Rxe1+ 29. Rxe1 b5 30. Ne3 Rc3 31. g3 Ne6 32. d5 Nc5 33. d6 Kf8 34. Re2 a5 35. Nd5 Rxf3 36. Nc7 g6 37. Nxb5 Bxb3 38. Nd4 Bd5 39. Kg1 Rf6 40.
Nb5 Bc6 41. Nd4 Rxd6 42. Nxc6 Rxc6 43. Re5 Kg7 44. Bd1 a4 45. Re7 Ra6 46. Be2 Ra5 47.
Bc4 Kf6 48. Rxf7+ Ke5 49. Rg7 a3 50. Rxg6 Kd4 51. Bg8 h5 52. Rg5 Nb3 53. Rg7 a2 54. Rd7+ Kc3 0-1

[Event "Early-Titled-Tuesday-Blitz-May-14-2024"]
[Site "Chess.com"]
[Date "2024.05.14"]
[Round "7"]
[White "AlphaGoosee"]
[Black "ajeale2"]
[Result "0-1"]
[WhiteElo "2621"]
[BlackElo "2495"]
[TimeControl "180+1"]
[EndTime "9:20:48 PDT"]
[Termination "ajeale2 won on time"]

1. e4 g6 2. d4 Bg7 3. Nc3 d5 4.
e5 Nh6 5. f4 Nf5 6. Nf3 h5 7. Bd3 c5 8. dxc5 Nc6 9. a3 O-O 10. b4 d4 11. Ne4 Ne3 12. Bxe3 dxe3 13. O-O Nd4 14. Nxd4 Qxd4 15. c3 Qd8 16. Qe2 Bh6 17.
Qxe3 a5 18. Rad1 Qc7 19. Bc4 axb4 20. axb4 Bg4 21. Rd4 Qxe5 22. Qf2 Qc7 23. Ng5 Ra3 24. Qc2 Bf5 25. Qb2 Raa8 26. Re1 Bg7 27. Qf2 Bxd4 28.
cxd4 Ra3 29. h3 Rfa8 30. Nxf7 Kg7 31. Ng5 Ra1 32. Qe3 Rxe1+ 33. Qxe1 Kh6 34. Nf7+ Kh7 35. Ng5+ Kh6 36. Qh4 Ra1+ 37. Kh2 Rc1 38. Be6 Rf1 39. Bxf5 gxf5 40. Nf7+ Kg7 41. Ne5 e6 42. Qg5+ Kf8 43. Qf6+ Kg8 44. Qxe6+ Kg7 45. Qg6+ Kf8 46. Qxf5+ Ke7 47.
Qxh5 Rf2 48. Qg5+ Ke6 49. Qg8+ Kf5 50. Qd5 Kxf4 51. Nd3+ Ke3+ 52. Qe5+ Kxd3 0-1

[Event "Early-Titled-Tuesday-Blitz-May-14-2024"]
[Site "Chess.com"]
[Date "2024.05.14"]
[Round "7"]
[White "TigrVShlyape"]
[Black "sokidze"]
[Result "1/2-1/2"]
[WhiteElo "2946"]
[BlackElo "2804"]
[TimeControl "180+1"]
[EndTime "9:20:49 PDT"]
[Termination "Game drawn by repetition"]

1. e4 e5 2. Nf3 Nf6 3. Nxe5 d6 4. Nf3 Nxe4 5. d3 Nf6 6. d4 d5 7. Bd3 Bd6 8. O-O O-O 9. h3 h6 10. c4 dxc4 11. Bxc4 Nbd7 12. Nc3 Nb6 13. Bb3 Bf5 14.
Re1 c6 15. Ne5 Nbd5 16. Qf3 Bh7 17. Bd2 a5 18. Rac1 Bb4 19. a3 Bd6 20. Na4 Rc8 21.
Nc5 Rc7 22. Nc4 b6 23. Nd3 Rc8 24. Nce5 Bxe5 25. Nxe5 Qd6 26. Bf4 Nxf4 27. Qxf4 Nd5 28. Qg3 Rfe8 29. Qf3 Re7 30. Nxc6 Rxc6 31. Qxd5 Qxd5 32.
Bxd5 Rxc1 33. Rxc1 Bg6 34. Bf3 Rd7 35. d5 Kf8 36.
Rc6 b5 37. Rc5 Bd3 38. h4 Ke7 39. Kh2 a4 40. Kg3 g5 41. hxg5 hxg5 42. Kg4 f6 43. Rc3 Bc4 44. Re3+ Kf7 45. Kg3 Bxd5 46. Rd3 Be6 47.
Rxd7+ Bxd7 48. Bd5+ Ke7 49. f4 Kd6 50. Be4 Kc5 51. fxg5 fxg5 52. Kf3 Kd4 53. Bg6 Bc6+ 54. Kf2 Kc4 55. Bc2 Bd5 56. g3 Kd4 57. Ke2 Be4 58.
Bd1 Bf5 59. Kd2 Bd3 60. Bf3 Bc4 61. Bc6 Bd3 62. Be8 Bc4 63. Bd7 Bd3 64. Be8 Bc4 65.
Bd7 Bd3 66. Be8 1/2-1/2

[Event "Early-Titled-Tuesday-Blitz-May-14-2024"]
[Site "Chess.com"]
[Date "2024.05.14"]
[Round "7"]
[White "brunomorado"]
[Black "manitodeplomo"]
[Result "1-0"]
[WhiteElo "2390"]
[BlackElo "2573"]
[TimeControl "180+1"]
[EndTime "9:20:50 PDT"]
[Termination "brunomorado won on time"]

1. d4 c5 2. Nc3 cxd4 3. Qxd4 Nc6 4. Qa4 d6 5. Nf3 Bd7 6. Bg5 Nf6 7. Bxf6 gxf6 8.
O-O-O a6 9. e3 e6 10. Be2 h5 11.
Qf4 Be7 12. Kb1 Qb8 13. Ne4 d5 14. Nxf6+ Kd8 15. Qxb8+ Rxb8 16. Nxd7 Kxd7 17. e4 h4 18.
exd5 exd5 19. Rxd5+ Kc7 20. Rhd1 Rbd8 21. Rxd8 Bxd8 22. Bc4 Bf6 23. Bxf7 Ne5 24. Nxe5 Bxe5 25. Be6 Bxh2 26. Rd7+ Kc6 27. Rf7 Rd8 28. a4 Rd1+ 29. Ka2 Rd2 30. Kb3 Bg1 31. c4 Bxf2 32. Bd5+ Kc5 33. Kc3 Be1 34. b4+ Kd6 35. Rf6+ Kd7 36. Rf7+ Kd6 37. Rf1 Rxd5+ 38. Rxe1 Rg5 39. Re2 Rg3+ 40.
Kd4 Rg4+ 41. Re4 Rxg2 42. Rxh4 Kc7 43. a5 Rg7 44. Re4 Rf7 45. Kd5 Rf5+ 46. Re5 Rf7 47.
Rh5 Rg7 48. b5 axb5 49. cxb5 Rd7+ 50. Kc5 Rg7 51. Rd5 Rf7 52. Rh5 Rg7 53. b6+ Kd7 54. Kb5 Kd6 55. a6 bxa6+ 56. Kxa6 Rg1 57. Rh2 Ra1+ 58. Kb7 Rb1 59. Rc2 Kd7 60. Ka7 Kd6 61.
b7 Ra1+ 62. Kb8 Rb1 63. Kc8 1-0

[Event "Early-Titled-Tuesday-Blitz-May-14-2024"]
[Site "Chess.com"]
[Date "2024.05.14"]
[Round "7"]
[White "Andrei_Skvortsov"]
[Black "Lovetov"]
[Result "1-0"]
[WhiteElo "2757"]
[BlackElo "2556"]
[TimeControl "180+1"]
[EndTime "9:20:51 PDT"]
[Termination "Andrei_Skvortsov won by resignation"]

1. e4 c5 2. d4 cxd4 3. Qxd4 Nc6 4. Qd3 g6 5. Nc3 Bg7 6. Nf3 d6 7. Be2 Nf6 8. O-O O-O 9. Nd5 Nd7 10. c3 Nc5 11.
Qc2 f5 12. exf5 Bxf5 13. Qd1 Qd7 14. Bg5 h6 15. Bh4 g5 16. Bg3 Ne4 17. Ne3 Nxg3 18.
hxg3 Be6 19. Re1 Kh8 20. Bd3 Rf6 21. Nc4 Raf8 22. Bf1 Bg4 23. Re3 d5 24. Nce5 Qc8 25.
Nxg4 Qxg4 26. Qxd5 Rf5 27. Qe4 Qxe4 28. Rxe4 h5 29.
g4 hxg4 30. Rxg4 Bf6 31. Re1 Ra5 32. Bc4 Kg7 33. Rge4 Rd8 34. Kf1 Rc5 35. a4 a6 36.
g4 b5 37. Be6 Rb8 38. R1e2 b4 39. Nd4 Nxd4 40. cxd4 Rc1+ 41. Kg2 Rd1 42. Bc4 Rd8 43. Bxa6 R8xd4 44. b3 Rxe4 45. Rxe4 Rb1 46. Bc4 Kf8 47. a5 Ra1 48. a6 Ra2 49. Kf1 Bc3 50. f4 gxf4 51. Rxf4+ Ke8 52. Rf2 Ra1+ 53. Kg2 Bd4 54. Rd2 e5 55. Bb5+ Kf7 56. Rc2 Kf6 57. Kf3 Kg5 58. Rc8 Ra3 59. Rg8+ Kf6 60. g5+ Kf5 61. Bd3+ Ke6 62. Ke4 Ra1 63. Bc4+ Ke7 64. Rg7+ Kf8 65. Rf7+ Ke8 66. g6 Rg1 67. g7 Rg4+ 68. Kf3 Rg1 69.
Rf8+ Ke7 70. g8=Q e4+ 71. Kxe4 Re1+ 72. Kd3 Rd1+ 73. Kc2 Rc1+ 74. Kxc1 1-0

[Event "Early-Titled-Tuesday-Blitz-May-14-2024"]
[Site "Chess.com"]
[Date "2024.05.14"]
[Round "7"]
[White "Kombinator01"]
[Black "sergeikim"]
[Result "1/2-1/2"]
[WhiteElo "2368"]
[BlackElo "2613"]
[TimeControl "180+1"]
[EndTime "9:20:51 PDT"]
[Termination "Game drawn by repetition"]

1. d4 Nf6 2. c4 g6 3. Nc3 Bg7 4.
e4 d6 5. h3 O-O 6. Bd3 e5 7. d5 a5 8. Nge2 Nh5 9. g4 Nf4 10.
Nxf4 exf4 11. Bxf4 Na6 12. Be3 Nc5 13. Bxc5 dxc5 14. Qc2 Bd7 15. O-O-O a4 16. a3 Qf6 17. Rde1 Rfe8 18. Rhf1 Qf3 19. Re3 Bh6 20. Qd2 Bxe3 21. Qxe3 Qxe3+ 22. fxe3 Kg7 23. Bc2 Re5 24. Rg1 h5 25. Kd2 hxg4 26. hxg4 Rg5 27. Bd1 Rh8 28. Rg2 Rh4 29. Bxa4 Bxa4 30. Nxa4 b6 31. b4 cxb4 32. axb4 Rhxg4 33. Rxg4 Rxg4 34. Kd3 Kf6 35. c5 bxc5 36. bxc5 Ke5 37. Nc3 Rh4 38. c6 g5 39. Nb5 f5 40.
exf5 Kxd5 41. Nxc7+ Kxc6 42. Ne6 g4 43. Ke4 Rh3 44. Ng5 Rg3 45. Kf4 Rg1 46. e4 Kd6 47.
e5+ Kd5 48. f6 Rf1+ 49. Kxg4 Kxe5 50. f7 Kd6 51. Kh5 Ke7 52. Kg6 Rg1 53. Kf5 Kf8 54.
Kf6 Rf1+ 55. Kg6 Ke7 56. Kg7 Rf5 57. Kg6 Rf6+ 58. Kg7 Rf4 59. Kg6 Rg4 60. Kf5 Rg1 61. Kg6 Rf1 62. Kg7 Rf4 63. Kg6 Rf1 1/2-1/2